 Dungeon Crawl Stone Soup version 0.20.1-1-g8b1a95d (webtiles) character file.

323 slep the Shield-Bearer (level 6, -6/79 HPs)
             Began as a Minotaur Fighter on Nov 1, 2017.
             Killed by divine providence
             ... invoked by an orc priest
              (10 damage)
             ... on level 4 of the Dungeon.
             The game lasted 00:12:32 (1974 turns).

slep the Shield-Bearer (Minotaur Fighter)           Turns: 1974, Time: 00:12:33

Health: -6/79      AC: 26    Str: 20    XL:     6   Next: 23%
Magic:  5/5        EV:  2    Int:  5    God:
Gold:   138        SH: 10    Dex: 12    Spells: 3/5 levels left

rFire    . . .     SeeInvis +   a - +0 long sword
rCold    . . .     Gourm    +   c - +0 shield
rNeg     + + +     Faith    .   (armour currently unavailable)
rPois    +         Spirit   .   (helmet currently unavailable)
rElec    .         Reflect  .   (cloak currently unavailable)
rCorr    .         Harm     .   (gloves currently unavailable)
MR       .....     NoTele   +   (boots currently unavailable)
Stlth    +.........             m - amulet of the gourmand (curse)
Regen    0.3/turn               D - ring of see invisible
MPRegen  0.1/turn               r - +3 ring of protection

@: tree-form
A: (retaliatory headbutt)
a: no special abilities


You were on level 4 of the Dungeon.
You were completely stuffed.
You were a tree.
You visited 1 branch of the dungeon, and saw 4 of its levels.

You collected 138 gold pieces.

Inventory:

Hand Weapons
 a - a +0 long sword (weapon)
Armour
 b - a +0 scale mail
 c - a +0 shield (worn)
 g - a cursed +0 leather armour (melded)
 n - +0 fire dragon scales
Jewellery
 k - a +1 ring of protection
 l - a +2 ring of intelligence
 m - a cursed amulet of the gourmand (around neck)
 r - a +3 ring of protection (right branch)
 D - a ring of see invisible (left branch)
Scrolls
 i - a scroll of teleportation {unknown}
 j - a scroll of fear {unknown}
 s - a scroll of recharging {unknown}
 u - 2 scrolls of enchant weapon {unknown}
 v - a scroll of enchant armour {unknown}
 x - a scroll of noise {unknown}
 B - 2 scrolls of remove curse {unknown}
 C - a scroll of immolation {unknown}
Potions
 d - a potion of might
 e - a potion of flight {unknown}
 h - a potion of lignification
 o - a potion of cancellation {unknown}
 p - 4 potions of heal wounds {unknown}
 q - a potion of invisibility {unknown}
 t - a potion of agility {unknown}
 w - 2 potions of curing {unknown}
Books
 y - a book of Minor Magic

   Spells                             Type                      Level
   a - Magic Dart                     Conjuration                  1
   b - Blink                          Translocation                2
   c - Call Imp                       Summoning                    2
   d - Slow                           Hexes                        2
   e - Conjure Flame                  Conjuration/Fire             3
   f - Mephitic Cloud                 Conjuration/Poison/Air       3
Comestibles
 f - 3 bread rations
 z - a royal jelly
 A - 6 chunks of flesh


   Skills:
 + Level 4.6 Fighting
 + Level 5.0 Long Blades
 + Level 4.5 Armour
 + Level 2.1 Dodging
 + Level 0.1 Stealth
 + Level 5.1 Shields


You had 3 spell levels left.
You knew the following spells:

 Your Spells              Type           Power        Failure   Level  Hunger
a - Blink                 Tloc           N/A          96%         2    ###....


Dungeon Overview and Level Annotations

Branches:
Dungeon (4/15)
 Temple: D:4-7

Altars:


Innate Abilities, Weirdness & Mutations

((You reflexively headbutt those who attack you in melee.))
((You have a pair of horns on your head.))


Message History

Purgy is almost dead.
The orc priest hits you but does no damage.
You block Purgy's attack. Purgy claws you but does no damage. x2
You closely miss Purgy.
Purgy is almost dead.
Purgy bites you.
* * * LOW HITPOINT WARNING * * *
You block Purgy's attack. Purgy claws you but does no damage.
The orc priest hits you but does no damage.
You slash Purgy!
You kill Purgy!
Your Long Blades skill increases to level 5!
Your Shields skill increases to level 5!
You have reached level 6!
Your experience leads to an increase in your attributes!
Increase (S)trength, (I)ntelligence, or (D)exterity?
You feel agile.
The orc priest calls down the wrath of Beogh upon you.
Beogh smites you!
You die...

#............>##.##
#..#..#####.......#
#..#..#.....#.##..######
#.....#.#####.##........
#..............#)..#####
...##.#.#####(.#........
##.............#..######
####.#.#####..#..#
#####...........♣.#
......#.#####.o##.#
#######.# #.. .# # #..
.. ##. ### #. #. #.


You could see an orc priest.

Vanquished Creatures
  Purgy (D:4)
  An orc priest (D:4)
  A centaur skeleton (D:4)
  An orc wizard (D:4)
  3 gnolls (D:4)
  3 adders (D:2)
  An ooze (D:3)
  3 worms
  4 dart slugs
  2 leopard geckos
  4 orcs (D:3)
  2 ball pythons (D:2)
  6 giant cockroaches
  7 goblins
  6 hobgoblins
  5 jackals (D:1)
  7 kobolds
  A quokka (D:3)
  4 bats
  2 frilled lizards
  5 rats
69 creatures vanquished.

Notes
Turn   | Place    | Note
-------+----------+-------------------------------------------
     0 | D:1      | slep the Minotaur Fighter began the quest for the Orb.
     0 | D:1      | Reached XP level 1. HP: 19/19 MP: 0/0
    59 | D:1      | Reached XP level 2. HP: 26/27 MP: 1/1
   340 | D:1      | Reached XP level 3. HP: 31/33 MP: 2/2
  1008 | D:2      | Reached skill level 1 in Dodging
  1008 | D:2      | Reached XP level 4. HP: 37/40 MP: 3/3
  1560 | D:3      | Learned a level 2 spell: Blink
  1899 | D:4      | Reached XP level 5. HP: 43/47 MP: 4/4
  1958 | D:4      | Noticed Purgy
  1973 | D:4      | HP: 3/70 [Purgy (5)]
  1974 | D:4      | Killed Purgy
  1974 | D:4      | Reached skill level 5 in Long Blades
  1974 | D:4      | Reached skill level 5 in Shields
  1974 | D:4      | Reached XP level 6. HP: 4/53 MP: 5/5
  1974 | D:4      | Killed from afar by an orc priest

Skill      XL: |  1  2  3  4  5 |
---------------+----------------+-----
Armour         | 4 |  4.5
Shields        | 4 5 |  5.1
Fighting       | 4 |  4.6
Long Blades    | 3 5 |  5.0
Dodging        | 1 2 |  2.1
Stealth        | |  0.1

Action                   |  1- 3 |  4- 6 || total
-------------------------+-------+-------++-------
Melee: Long sword        |   103 |    87 ||   190
       Headbutt          |    18 |    20 ||    38
  Use: Potion            |       |     1 ||     1
  Eat: Chunk             |    14 |     6 ||    20
Armor: Scale mail        |    14 |       ||    14
       Leather armour    |    33 |    32 ||    65
       Skin              |       |    22 ||    22
Dodge: Dodged            |    38 |    48 ||    86
Block: Shield            |    57 |    45 ||   102
       Rpst.: Long sword |    11 |    11 ||    22
